Map: Lost and Found LE

Players

Abaddon

  • Race: Zerg Zerg
  • League: Platinum
  • Spawn Location: 1:00

Kallestål - Winner!

  • Race: Terran Terran
  • Spawn Location: 7:00

VOD

Have the link to the VOD?

Description

Time

  • Played on: July 16, 2018, 2:46 p.m.
  • Length: 13:33
Show
View Real Time Build Order
Export as new Build Order

Abaddon Zerg 

Build Orders: Pool First 

Get SALT Encoding   

  12  0:01  Drone  
  13  0:08  Drone  
  14  0:16  Overlord  
  14  0:33  Spawning Pool  
  13  0:38  Drone  
  13  0:40  Drone  
  15  0:44  Drone  
  15  0:49  Drone  
  17  1:00  Drone  
  18  1:12  Drone  
  19  1:21  Extractor  
  19  1:22  Queen  
  19  1:25  Roach Warren  
  19  1:35  Overlord  
  20  1:47  Drone  
  20  1:57  Zergling x2  
  20  1:58  Zergling x2  
  22  2:18  Roach x2  
  26  2:27  Roach  
  28  2:44  Roach  
  28  2:46  Overlord x2  
  30  3:04  Hatchery, Roach x2  
  33  3:14  Drone  
  34  3:29  Ravager  
  34  3:31  Roach  
  34  3:32  Roach  
  38  3:40  Spine Crawler  
  38  3:41  Drone x2  
  39  3:43  Spine Crawler  
  38  3:54  Roach x2  
  42  3:57  Drone x2  
  44  4:17  Extractor  
  44  4:24  Drone x3  
  44  4:30  Ravager  
  47  4:33  Hatchery  
  47  4:34  Overlord x2  
  46  4:52  Queen  
  48  5:01  Lair  
  48  5:05  Drone x3  
  48  5:07  Drone x3  
  54  5:25  Roach x2  
  54  5:27  Drone  
  59  5:43  Ravager  
  59  5:46  Drone  
  59  5:48  Overlord x2  
  59  5:49  Drone  
  62  6:00  Drone  
  62  6:01  Drone  
  62  6:02  Drone x2  
  66  6:05  Queen x2  
  70  6:24  Roach x6  
  82  6:47  Overlord x3  
  82  6:48  Overlord x2  
  82  6:54  Spire  
  81  7:10  Drone x2  
  81  7:11  Drone  
  81  7:14  Spore Crawler, Drone x3  
  83  7:26  Spore Crawler  
  83  7:27  Spore Crawler  
  83  7:29  Spire  
  76  7:31  Spore Crawler  
  69  7:37  Spore Crawler  
  69  7:38  Drone x2  
  69  7:40  Spore Crawler  
  69  7:43  Spore Crawler  
  57  8:01  Drone x2  
  57  8:03  Drone x6  
  65  8:08  Extractor  
  64  8:16  Drone  
  64  8:17  Drone  
  62  8:29  Drone  
  62  8:31  Drone x3  
  61  8:44  Extractor  
  59  8:49  Mutalisk  
  59  8:54  Hatchery, Drone  
  58  9:13  Drone x7  
  57  9:19  Spore Crawler  
  57  9:22  Zerg Flyer Weapons Level 1  
  52  9:30  Spore Crawler  
  45  9:41  Drone x3  
  45  9:43  Roach x2  
  52  9:47  Drone  
  50  10:06  Roach x2  
  54  10:09  Drone  
  55  10:28  Overlord x2  
  54  10:43  Drone x2  
  56  10:58  Drone x7  
  56  10:59  Drone  
  64  11:11  Drone  
  56  11:33  Spawning Pool  
  56  11:36  Roach x5  
  60  12:03  Drone x3  
  59  12:17  Mutalisk  
  59  12:20  Drone x3  
  60  12:28  Corruptor  
  46  12:43  Spore Crawler  
  40  12:52  Corruptor  
  40  12:53  Corruptor x2  
  40  12:56  Spore Crawler  
  44  13:02  Corruptor  
Show
View Real Time Build Order
Export as new Build Order

Kallestål Terran - Winner!

Build Orders: Command Center First (CC) 

Get SALT Encoding   

  12  0:00  SCV  
  13  0:13  SCV  
  14  0:25  SCV  
  15  0:41  Supply Depot  
  15  1:01  Command Center  
  15  1:03  SCV  
  16  1:08  Refinery  
  16  1:28  SCV, Command Center  
  17  1:35  Refinery  
  17  1:40  Engineering Bay, SCV  
  18  1:52  SCV  
  19  2:04  SCV  
  20  2:16  SCV  
  21  2:28  SCV, Barracks  
  22  2:39  Planetary Fortress  
  23  2:44  Planetary Fortress  
  22  3:01  Refinery  
  22  3:11  Command Center  
  22  3:13  Hi-Sec Auto Tracking  
  22  3:17  SCV  
  23  3:30  Factory  
  23  3:33  SCV  
  24  3:37  SCV  
  25  3:45  SCV  
  26  3:49  SCV  
  27  3:57  SCV  
  27  4:02  SCV  
  29  4:11  Missile Turret  
  29  4:12  Barracks Tech Lab  
  29  4:15  Missile Turret, SCV x2  
  31  4:31  Starport  
  31  4:37  Refinery  
  30  4:47  Starport  
  30  4:51  SCV x2  
  30  4:52  Starport  
  32  5:07  Starport Tech Lab  
  32  5:11  SCV  
  32  5:12  SCV  
  34  5:24  SCV  
  34  5:25  Starport Tech Lab  
  35  5:29  Banshee  
  35  5:30  Starport Tech Lab  
  35  5:34  Supply Depot  
  38  5:36  SCV x2  
  40  5:51  SCV  
  40  5:55  Banshee  
  40  5:56  Banshee  
  47  6:06  SCV  
  48  6:12  Banshee  
  48  6:18  SCV  
  52  6:26  Cloaking Field  
  52  6:38  Banshee x2  
  52  6:39  SCV x2  
  60  6:51  SCV  
  61  7:11  Supply Depot  
  61  7:12  Supply Depot x2  
  61  7:33  Banshee x3, SCV x2  
  72  7:45  SCV x2  
  74  7:53  Planetary Fortress  
  70  8:16  Banshee  
  73  8:25  Starport Tech Lab  
  73  8:26  Starport Tech Lab  
  64  8:31  SCV  
  65  8:46  SCV  
  65  8:48  SCV x2, Banshee x2  
  68  8:55  Command Center  
  74  8:59  Banshee  
  74  9:00  Armory  
  74  9:01  Armory  
  74  9:02  Missile Turret  
  77  9:11  Fusion Core  
  75  9:42  Supply Depot  
  75  9:58  Terran Vehicle And Ship Armor Level 1, Terran Ship Weapons Level 1  
  75  10:03  Banshee  
  75  10:06  Banshee x2  
  75  10:07  SCV x2  
  86  10:19  Starport, SCV  
  86  10:21  Command Center  
  87  10:26  Starport  
  87  10:27  Starport  
  87  10:29  Starport  
  87  10:37  SCV  
  87  10:38  Planetary Fortress, SCV  
  89  10:51  Viking x2  
  93  11:32  SCV, Viking  
  102  11:33  Battlecruiser  
  102  11:39  Refinery  
  99  11:42  Refinery  
  99  11:44  Refinery, SCV  
  99  11:46  Refinery  
  100  11:49  Planetary Fortress  
  100  11:51  Missile Turret  
  100  11:55  Missile Turret  
  100  12:36  Weapon Refit  
  106  12:41  SCV x2  
Tags
 
Add a new tag
Caveats
  • Supply blocks, unpowered buildings, or Contaminate may cause inaccurate times.
  • Supply counts are checked every 10 seconds.